 Dungeon Crawl Stone Soup version 0.21-a0-41-g5e91fef (webtiles) character file.

13374 Duffy the Cleaver (level 12, -2/103 HPs)
             Began as a Naga Fighter on June 4, 2017.
             Was the Champion of Cheibriados.
             Slain by an eight-headed hydra (8 damage)
             ... on level 2 of the Lair of Beasts.
             The game lasted 00:13:53 (12953 turns).

Duffy the Cleaver (Naga Fighter)                   Turns: 12953, Time: 00:13:53

Health: -2/103     AC: 16    Str: 37    XL:     12   Next: 5%
Magic:  23/28      EV:  6    Int: 25    God:    Cheibriados [******]
Gold:   109        SH: 15    Dex: 26    Spells: 11/11 levels left

rFire    . . .     SeeInvis +   G - +0 morningstar
rCold    . . .     Gourm    .   c - +0 shield
rNeg     . . .     Faith    .   B - +0 plate armour
rPois    +         Spirit   .   (helmet restricted)
rElec    .         Reflect  .   g - +0 cloak
rCorr    .         Harm     .   k - +0 pair of gloves
MR       +....                  (no barding)
Stlth    ..........             (no amulet)
Regen    0.3/turn               v - ring of magical power
MPRegen  0.3/turn               (no ring)

@: very slow
A: horns 1, thin metallic scales 1, see invisible, deformed body, poison
resistance, slowness 2, slow metabolism 1, spit poison 1, wild magic 1,
evolution 1, AC +4
a: Spit Poison, Bend Time, Temporal Distortion, Slouch, Step From Time, Renounce
Religion


You were on level 2 of the Lair of Beasts.
You worshipped Cheibriados.
Cheibriados was exalted by your worship.
You were full.

You visited 2 branches of the dungeon, and saw 12 of its levels.

You collected 500 gold pieces.
You spent 391 gold pieces at shops.

Inventory:

Hand Weapons
 a - a +5 broad axe of freezing
 w - a -3 war axe
 x - a +0 war axe
 C - a +4 blowgun
 G - a +0 morningstar (weapon)
 H - a +3 war axe of chopping
Armour
 c - a +0 shield (worn)
 g - a +0 cloak (worn)
 k - a +0 pair of gloves (worn)
 q - a scarf of repulsion
 r - a +1 helmet
 B - a +0 plate armour (worn)
Jewellery
 t - an uncursed ring of fire
 v - a ring of magical power (left hand)
Wands
 y - a wand of flame (20/48)
 D - a wand of lightning (0/15)
 I - a wand of polymorph (5/24)
 J - a wand of polymorph (9/24)
Scrolls
 b - a scroll of fear {unknown}
 e - 3 scrolls of remove curse
 i - 3 scrolls of enchant armour
 j - 4 scrolls of teleportation
 l - a scroll of recharging
 n - a scroll of immolation
 p - 2 scrolls of fog
Potions
 d - 4 potions of might
 h - 2 potions of agility
 o - 2 potions of curing
 s - 6 potions of flight
 u - 3 potions of magic
 z - 2 potions of mutation
 A - a potion of cancellation
Miscellaneous
 F - a phial of floods (inert)
Comestibles
 f - 4 bread rations
 m - a meat ration
 E - 4 chunks of flesh


   Skills:
 - Level 5.2 Fighting
 + Level 10.3 Axes
 + Level 6.8 Armour
 - Level 9.0 Shields
 - Level 10.0 Invocations


You had 11 spell levels left.
You didn't know any spells.

Dungeon Overview and Level Annotations

Branches:
Dungeon (10/15)            Temple (0/1) D:5            Lair (2/6) D:10
  Swamp: Lair:2-4    Shoals: Lair:2-4     Snake: Lair:2-4    Spider: Lair:2-4
    Orc: D:9-12

Altars:
Ashenzari
Cheibriados
Elyvilon
Qazlal
Vehumet
Yredelemnul
Zin

Shops:
D:6 (

Annotations:
D:8 Xenophilius's ghost, novice BaBe


Innate Abilities, Weirdness & Mutations

You cannot wear boots.
Your serpentine skin is tough. (AC +4)
You have supernaturally acute eyesight. (SInv)
Armour fits poorly on your strangely shaped body.
Your system is resistant to poisons. (rPois)
You cover ground very slowly.
You have a slow metabolism.
You can spit poison.
You have a pair of small horns on your head.
You are partially covered in thin metallic scales. (AC +2)
Your spells are a little harder to cast, but a little more powerful.
You evolve.


Message History

The eight-headed hydra barely misses you.
You block the eight-headed hydra's attack.
The eight-headed hydra bites you but does no damage.
The eight-headed hydra bites you.
The eight-headed hydra bites you but does no damage.
The hippogriff bites you but does no damage.
The hippogriff pecks you but does no damage.
You block the hippogriff's attack.
The eight-headed hydra barely misses you.
The eight-headed hydra bites you.
The eight-headed hydra bites you but does no damage. x5
The eight-headed hydra barely misses you.
You can feel time thicken for a moment.
You kill the hippogriff!
Cheibriados appreciates the change of pace.
You feel somewhat less full.
The eight-headed hydra completely misses you.
You block the eight-headed hydra's attack.
The eight-headed hydra bites you!
You die...

## ### ##.##..## .........#
###### #.........### ####.##P####
#........%'.##
####.#.......P####..........#...
##.###....#....P.D#P.............
................@..+..........###
##.####.##P...##..#..........##
### ##......######........)#
####.P## ..#+.#.### ##..# #....##
## #..## ####..# .## ##..# ##.#
..# #..## ### #.### P.#
###.+####.###########'#.#


You could see an eight-headed hydra.

Vanquished Creatures
  A hydra (Lair:2)
  3 two-headed ogres (D:9)
  A black mamba (Lair:2)
  4 spiny frogs
  A rime drake (Lair:1)
  A troll (D:9)
  4 hippogriffs
  Sigmund (D:3)
  7 yaks (Lair:1)
  3 hungry ghosts
  A basilisk (Lair:1)
  7 water moccasins
  2 porcupines (Lair:1)
  A black bear (D:9)
  2 ice beasts
  3 orc warriors
  2 sky beasts
  5 ogres
  A necrophage (D:8)
  8 centaurs
  6 crocodiles
  2 big kobolds
  8 bullfrogs
  A wyvern zombie (D:9)
  A gnoll sergeant (D:7)
  3 scorpions
  A wight (Lair:1)
  9 killer bees
  3 howler monkeys
  4 crimson imps
  3 bullfrog skeletons
  A jelly (D:8)
  2 orc priests
  11 orc wizards
  5 hounds
  2 centaur skeletons
  3 iguanas
  6 worker ants
  A killer bee zombie (D:9)
  A hound skeleton (D:5)
  A worker ant zombie (D:8)
  Robin (D:4)
  3 gnolls (D:7)
  7 adders
  4 shadow imps
  An ooze (D:4)
  2 adder skeletons
  3 dart slugs (D:2)
  A leopard gecko (D:1)
  36 orcs
  8 bats
  9 giant cockroaches
  16 goblins
  10 hobgoblins
  13 jackals
  19 kobolds
  5 quokkas
  2 ball pythons
  8 frilled lizards
  A jackal zombie (D:6)
  3 leopard gecko skeletons
  8 rats
  A fungus (Lair:2)
  A plant (Lair:1)
294 creatures vanquished.

Vanquished Creatures (collateral kills)
  A hydra (Lair:1)
1 creature vanquished.

Vanquished Creatures (others)
  A plant (Lair:2)
1 creature vanquished.

Grand Total: 296 creatures vanquished

Notes
Turn   | Place    | Note
-------+----------+-------------------------------------------
     0 | D:1      | Duffy the Naga Fighter began the quest for the Orb.
     0 | D:1      | Reached XP level 1. HP: 21/21 MP: 1/1
   418 | D:1      | Reached XP level 2. HP: 22/28 MP: 2/2
  1232 | D:1      | Reached XP level 3. HP: 28/34 MP: 3/3
  1984 | D:2      | Found a snail-covered altar of Cheibriados.
  1986 | D:2      | Became a worshipper of Cheibriados the Contemplative
  2376 | D:3      | Reached XP level 4. HP: 42/42 MP: 4/4
  2465 | D:3      | Found a radiant altar of Vehumet.
  2526 | D:3      | Reached * piety under Cheibriados
  2618 | D:3      | Found a white marble altar of Elyvilon.
  2620 | D:3      | Noticed Sigmund
  2632 | D:3      | Killed Sigmund
  2632 | D:3      | Reached XP level 5. HP: 43/49 MP: 5/5
  2632 | D:3      | Reached XP level 6. HP: 49/56 MP: 6/6
  3164 | D:4      | Noticed Robin
  3175 | D:4      | Reached ** piety under Cheibriados
  3202 | D:4      | Killed Robin
  3317 | D:4      | Reached skill level 5 in Axes
  3806 | D:4      | Reached skill level 5 in Shields
  3806 | D:4      | Reached XP level 7. HP: 54/62 MP: 7/7
  3866 | D:4      | Reached skill level 1 in Invocations
  4128 | D:5      | Entered Level 5 of the Dungeon
  4129 | D:5      | Found a staircase to the Ecumenical Temple.
  4163 | D:5      | Reached *** piety under Cheibriados
  4695 | D:5      | Reached XP level 8. HP: 56/69 MP: 9/11
  5149 | D:5      | Reached **** piety under Cheibriados
  5422 | D:6      | Found Sagekhis's Antique Weapon Shoppe.
  5425 | D:6      | Bought a glowing broad axe for 203 gold pieces
  5483 | D:6      | Reached skill level 5 in Invocations
  5803 | D:6      | Reached XP level 9. HP: 72/75 MP: 11/13
  5831 | D:6      | Reached ***** piety under Cheibriados
  6260 | D:6      | Found a stormy altar of Qazlal.
  6267 | D:6      | Found a glowing silver altar of Zin.
  6385 | D:7      | Found a shattered altar of Ashenzari.
  6771 | D:7      | Gained mutation: Your spells are a little harder to cast, but a little more powerful. [mutagenic meat]
  7111 | D:8      | Noticed Xenophilius's ghost (novice BaBe)
  7832 | D:9      | Found a basalt altar of Yredelemnul.
  7851 | D:9      | Reached XP level 10. HP: 82/84 MP: 15/15
  7882 | D:8      | Reached ****** piety under Cheibriados
  7930 | D:9      | Noticed a two-headed ogre
  7942 | D:9      | Killed a two-headed ogre
  8650 | D:9      | Noticed a two-headed ogre
  8658 | D:9      | Killed a two-headed ogre
  9195 | D:9      | Noticed a two-headed ogre
  9203 | D:9      | Killed a two-headed ogre
  9464 | D:10     | Entered Level 10 of the Dungeon
  9469 | D:10     | Reached XP level 11. HP: 88/90 MP: 18/18
  9697 | D:10     | Found a staircase to the Lair.
  9884 | D:9      | Reached skill level 10 in Invocations
  9909 | D:9      | Gained mutation: Your mind is acute. (Int +2) [mutagenic meat]
  9910 | D:9      | Lost mutation: Your mind is acute. (Int +2) [mutagenic meat]
  9911 | D:9      | Gained mutation: You evolve. [mutagenic meat]
  9995 | D:6      | Bought a glowing war axe for 188 gold pieces
 10106 | Lair:1   | Entered Level 1 of the Lair of Beasts
 10389 | Lair:1   | Reached skill level 5 in Armour
 10608 | Lair:1   | Noticed a seven-headed hydra
 10618 | Lair:1   | Killed a seven-headed hydra
 10655 | Lair:1   | Reached skill level 5 in Fighting
 10705 | Lair:1   | Gained mutation: You have a pair of small horns on your head. [evolution]
 12043 | Lair:2   | Gained mutation: You are partially covered in thin metallic scales. (AC +2) [evolution]
 12447 | Lair:2   | Noticed a seven-headed hydra
 12455 | Lair:2   | Killed a seven-headed hydra
 12455 | Lair:2   | Reached skill level 10 in Axes
 12749 | Lair:2   | Reached XP level 12. HP: 79/103 MP: 19/19
 12940 | Lair:2   | Noticed an eight-headed hydra
 12953 | Lair:2   | Slain by an eight-headed hydra

Vault maps used:
D:1:      noname_arrival_rooms_in_the_neighbourhood
D:2:      kennysheep_slug_shrine, hex_tiny, minmay_fountain_box,
          kennysheep_generic_room_13
D:3:      lemuel_round_altar, lemuel_crystal_altar, uniq_sigmund
D:4:      uniq_robin
D:5:      temple_green, first_bread
D:6:      amethyst_overflow_temple_binary, serial_shops, kennysheep_mini_moat
D:7:      ashenzari_conservatory_becter
D:8:      eat_drink_and_be_merry_uskayaw, nicolae_ru_great_annihilating_truth
D:9:      overflow_temple_1_default
D:10:     lair_entry_dummy, orc_0_dummy, serial_shops, nicolae_shop_stone
Lair:1:   grunt_megastairs_1
Lair:2:   st_stairs_9

Skill      XL: |  1  2  3  4  5  6  7  8  9 10 11 |
---------------+----------------------------------+-----
Shields        | 3 4 5 6 7 9 |  9.0
Axes           | 3 4 5 6 7 8 10 | 10.3
Invocations    | 4 5 7 9 10 | 10.0
Armour         | 4 6 |  6.8
Fighting       | 5 |  5.2

Action                   |  1- 3 |  4- 6 |  7- 9 | 10-12 || total
-------------------------+-------+-------+-------+-------++-------
Melee: War axe           |   169 |   137 |   125 |       ||   431
       Broad axe         |       |       |   154 |   274 ||   428
       Headbutt          |       |       |       |    28 ||    28
       Morningstar       |       |       |       |    18 ||    18
Invok: Slouch            |       |       |       |     2 ||     2
       Temporal Distorti |       |       |       |     1 ||     1
 Abil: Spit Poison       |     2 |     5 |     8 |     1 ||    16
Evoke: Wand              |       |       |       |     3 ||     3
       Phial of floods   |       |       |       |     1 ||     1
  Use: Scroll            |     1 |     3 |     9 |     6 ||    19
       Potion            |       |     2 |     1 |       ||     3
 Stab: Distracted        |       |     1 |       |       ||     1
  Eat: Chunk             |     4 |     3 |    10 |    11 ||    28
       Bread ration      |       |       |     1 |       ||     1
       Royal jelly       |       |       |       |     4 ||     4
       Fruit             |       |       |       |     2 ||     2
Armor: Scale mail        |    92 |    25 |       |       ||   117
       Chain mail        |       |    66 |   154 |       ||   220
       Plate armour      |       |       |    16 |   199 ||   215
Dodge: Dodged            |    32 |    26 |    75 |    78 ||   211
       Deflected         |     1 |     8 |     7 |     9 ||    25
Block: Shield            |   104 |   103 |   270 |   297 ||   774
